 Dungeon Crawl Stone Soup version 0.25.0-9-g26727b6 (webtiles) character file.

Game seed: 13248009586976238198

262042 Helmschank the Destroyer (level 19, -2/141 HPs)
             Began as a Black Draconian Conjurer on June 21, 2020.
             Was the Champion of Vehumet.
             Slain by a saltling (8 damage)
             ... in the Desolation of Salt on June 22, 2020.
             The game lasted 05:11:31 (47742 turns).

Helmschank the Destroyer (DrCj)                    Turns: 47742, Time: 05:11:32

Health: -2/141     AC: 20    Str: 16    XL:     19   Next: 21%
Magic:  14/33      EV: 20    Int: 31    God:    Vehumet [******]
Gold:   838        SH: 16    Dex: 12    Spells: 2/38 levels left

rFire    + . .     SeeInvis +   b - +8 mithril axe "Arga" {speed, MR+}
rCold    + . .     Gourm    .   F - +4 kite shield of the Monk {Int+3}
rNeg     . . .     Faith    .   (armour unavailable)
rPois    +         Spirit   .   P - +2 hat
rElec    +         Reflect  .   M - +1 cloak of Starlight {rElec rC+ EV+4 Stlth--}
rCorr    +         Harm     .   n - +4 pair of gloves of Sun Yruofod {Str+5}
MR       +....                  k - +0 pair of boots "Udghahygh" {*Slow rPois rCorr Int+5}
Stlth    ..........             x - amulet of regeneration
HPRegen  0.73/turn              o - ring of see invisible
MPRegen  0.23/turn              E - ring of protection from fire

@: vulnerable, flying, contaminated, slowed, glowing, drained, very slow
A: breathe lightning, unfitting armour, big wings, frail 1, electricity
resistance, cold-blooded, AC +10
}: 2/15 runes: decaying, serpentine
a: Breathe Lightning, Stop Flying, Renounce Religion


You were in the Desolation of Salt.
You worshipped Vehumet.
Vehumet was exalted by your worship.
You were hungry.

You visited 8 branches of the dungeon, and saw 35 of its levels.
You also visited: Gauntlet and Desolation.

You collected 2929 gold pieces.
You spent 2091 gold pieces at shops.

Inventory:

Hand Weapons
 b - the +8 mithril axe "Arga" (weapon) {speed, MR+}
   (You found it on level 6 of the Lair of Beasts)

   Attacks with this weapon are significantly faster.
   It affects your resistance to hostile enchantments.
 e - a +1 hand axe of flaming
 w - a +5 broad axe of chaos
Missiles
 v - 273 stones
 K - 31 boomerangs (quivered)
 L - 34 javelins
 Q - 8 curare-tipped darts
 U - 19 poisoned darts
 Y - 6 silver boomerangs
Armour
 k - the +0 pair of boots "Udghahygh" (worn) {*Slow rPois rCorr Int+5}
   (You bought it in a shop on level 2 of the Orcish Mines)

   It affects your intelligence (+5).
   It protects you from poison.
   It provides partial protection from all sources of acid and corrosion.
   It may slow you when you take damage.
 n - the +4 pair of gloves of Sun Yruofod (worn) {Str+5}
   (You bought it in a shop on level 11 of the Dungeon)

   It affects your strength (+5).
 F - the +4 kite shield of the Monk (worn) {Int+3}
   (You took it off a minotaur in a Gauntlet)

   It affects your intelligence (+3).
 M - the +1 cloak of Starlight (worn) {rElec rC+ EV+4 Stlth--}
   (You found it in a Gauntlet)

   It affects your evasion (+4).
   It protects you from cold.
   It insulates you from electricity.
   It makes you much less stealthy.
 P - a +2 hat (worn)
Magical Staves
 a - an uncursed staff of energy
Jewellery
 o - a ring of see invisible (left hand)
 t - an uncursed ring of poison resistance
 u - an uncursed ring of fire
 x - an amulet of regeneration (around neck)
 z - an uncursed ring of positive energy
 E - a ring of protection from fire (right hand)
 G - the ring of Kophu {+Inv rC+ Str+4 Dex+2 Slay-2}
   (You found it on level 1 of the Lair of Beasts)

   [ring of protection from cold]

   It affects your strength (+4).
   It affects your dexterity (+2).
   It affects your accuracy and damage with ranged weapons and melee attacks
   (-2).
   It protects you from cold.
   It lets you turn invisible.
Wands
 l - a wand of clouds (6)
 q - a wand of iceblast (12)
 J - a wand of acid (25)
 T - a wand of digging (9)
Scrolls
 d - 22 scrolls of remove curse
 i - 4 scrolls of magic mapping
 m - 2 scrolls of amnesia
 r - 10 scrolls of identify
 s - 2 scrolls of holy word
 H - a scroll of summoning
 N - 6 scrolls of fog
 S - 6 scrolls of teleportation
Potions
 g - 15 potions of curing
 j - 5 potions of brilliance
 p - 5 potions of magic
 A - 4 potions of resistance
 D - 9 potions of haste
 O - 4 potions of might
 X - a potion of cancellation
 Z - 4 potions of mutation
Comestibles
 c - 2 chunks of flesh
 f - 51 rations


   Skills:
 - Level 11.0(10.2) Fighting
 - Level 14.4(15.1) Axes
   Level 12.0(13.9) Maces & Flails
   Level 3.0(9.3) Polearms
 - Level 5.0(4.3) Throwing
 - Level 10.0(9.2) Dodging
 - Level 3.3(2.7) Stealth
 - Level 13.0(12.1) Shields
 - Level 10.0(9.2) Spellcasting
 + Level 14.5(13.7) Conjurations
 - Level 4.0(3.3) Hexes
 - Level 6.0(5.3) Transmutations
 - Level 8.0(7.2) Fire Magic
   Level 4.0(3.3) Ice Magic
 - Level 9.0(8.2) Air Magic
 - Level 2.0(1.3) Earth Magic
 - Level 4.0(3.3) Poison Magic
 - Level 2.0(1.3) Evocations


You had 2 spell levels left.
You knew the following spells:

 Your Spells              Type           Power        Failure   Level  Hunger
a - Fulminant Prism       Conj/Hex       ######....   1%          4    None
c - Mephitic Cloud        Conj/Pois/Air  ######..     1%          3    None
f - Conjure Ball Lightni  Conj/Air       ######....   2%          6    #####..
s - Conjure Flame         Conj/Fire      ######..     1%          3    None
x - Animate Skeleton      Necr           N/A          4%          1    None
z - Searing Ray           Conj           ######       1%          2    None
E - Starburst             Conj/Fire      ######....   3%          6    #####..
Q - Shock                 Conj/Air       ####         1%          1    None
R - Bolt of Magma         Conj/Fire/Erth ######....   1%          5    ###....
W - Irradiate             Conj/Tmut      ######....   1%          5    ###....

Your spell library contained the following spells:

 Spells                   Type           Power        Failure   Level  Hunger
 Lehudib's Crystal Spear  Conj/Erth      ######....   96%         8    #######
 Ignition                 Fire           ######....   97%         8    #######
 Fire Storm               Conj/Fire      ######....   100%        9    #######
 Magic Dart               Conj           ####         0%          1    None
 Beastly Appendage        Tmut           #####.       1%          1    None
 Corona                   Hex            #####..      1%          1    None
 Foxfire                  Conj/Fire      ####         1%          1    None
 Sandblast                Erth           ###...       1%          1    None
 Sting                    Tmut/Pois      ####         1%          1    None
 Corpse Rot               Necr/Air       N/A          1%          2    None
 Ensorcelled Hibernation  Hex/Ice        #####.       1%          2    None
 Passwall                 Tmut/Erth      #####...     1%          2    None
 Sticks to Snakes         Tmut           #####...     1%          2    None
 Apportation              Tloc           ##....       4%          1    None
 Pain                     Necr           ##..         4%          1    None
 Summon Small Mammal      Summ           ##..         4%          1    None
 Blink                    Tloc           N/A          8%          2    None
 Shroud of Golubria       Chrm/Tloc      ##....       8%          2    None
 Dazzling Flash           Conj/Hex       ######       1%          3    None
 Stone Arrow              Conj/Erth      ######       1%          3    None
 Iskenderun's Mystic Bla  Conj/Tloc      ######..     1%          4    None
 Lightning Bolt           Conj/Air       ######....   1%          5    ###....
 Spider Form              Tmut/Pois      #####.....   2%          3    None
 Iskenderun's Battlesphe  Conj/Chrm      ######..     2%          5    ###....
 Orb of Destruction       Conj           #######...   4%          7    ######.
 Yara's Violent Unravell  Hex/Tmut       #####.....   7%          5    ###....
 Freezing Cloud           Conj/Ice/Air   ######....   7%          6    #####..
 Summon Guardian Golem    Hex/Summ       ###.....     8%          3    None
 Ice Form                 Ice/Tmut       #####...     9%          4    None
 Iron Shot                Conj/Erth      ######....   10%         6    #####..
 Cause Fear               Hex            #####.....   13%         4    None
 Petrify                  Tmut/Erth      #####...     13%         4    None
 Silence                  Hex/Air        ######....   13%         5    ###....
 Gell's Gravitas          Tloc           ##........   16%         3    None
 Lesser Beckoning         Tloc           ##........   16%         3    None
 Teleport Other           Tloc           ##......     16%         3    None
 Vampiric Draining        Necr           ##........   16%         3    None
 Blade Hands              Tmut           #####.....   16%         5    ###....
 Leda's Liquefaction      Hex/Erth       ####......   19%         4    None
 Lee's Rapid Deconstruct  Erth           ###.......   21%         5    ###....
 Metabolic Englaciation   Hex/Ice        #####.....   34%         5    ###....
 Ozocubu's Refrigeration  Ice            #####.....   43%         6    #####..
 Animate Dead             Necr           N/A          45%         4    None
 Passage of Golubria      Tloc           N/A          45%         4    None
 Spellforged Servitor     Conj/Summ      ######....   52%         7    ######.
 Agony                    Necr           ##......     80%         5    ###....
 Statue Form              Tmut/Erth      #####....    89%         6    #####..
 Simulacrum               Ice/Necr       ###.......   98%         6    #####..
 Haunt                    Necr/Summ      ##........   100%        7    ######.
 Borgnjor's Revivificati  Necr           ##........   100%        8    #######
 Death's Door             Chrm/Necr      ##........   100%        8    #######
 Discord                  Hex            #####.....   100%        8    #######
 Infestation              Necr           ##........   100%        8    #######
 Necromutation            Tmut/Necr      ####......   100%        8    #######
 Shatter                  Erth           ###.......   100%        9    #######
 Tornado                  Air            ######....   100%        9    #######


Dungeon Overview and Level Annotations

Branches:
Dungeon (15/15)            Temple (1/1) D:4            Lair (6/6) D:8
  Swamp (4/4) Lair:4        Snake (4/4) Lair:2        Slime (0/5) Lair:5
    Orc (2/2) D:10            Elf (2/3) Orc:2        Vaults (1/5) D:13
 Depths (0/5) D:15        Desolation (1/1)          Gauntlet (visited)

Altars:
Ashenzari
Cheibriados
Dithmenos
Elyvilon
Fedhas
Gozag
Hepliaklqana
Kikubaaqudgha
Makhleb
Nemelex Xobeh
Okawaru
Qazlal
Ru
Sif Muna
Trog
Uskayaw
Vehumet
Wu Jian
Xom
Yredelemnul
Zin
The Shining One
Beogh
Jiyva

Shops:
D:11 [[[!   Orc:2 *=!=   Snake:3 !   Snake:4 =   Vaults:1 ?

Annotations:
Swamp:2 2 transporters, dornbeast's ghost, journeyman GrWn


Innate Abilities, Weirdness & Mutations

You can breathe wild blasts of lightning.
Your glossy black scales are hard. (AC +10)
You cannot fit into any form of body armour.
Your large and strong wings let you fly indefinitely.
You are resistant to electric shocks. (rElec)
You are cold-blooded and may be slowed by cold attacks.
You are frail. (-10% HP)


Message History

The saltling completely misses you.
You take 9 damage, and have 5/141 hp.
Okay, then.
Okay, then.
Okay, then.
As you read the scroll of fear, it crumbles to dust.
You assume a fearsome visage.
The ragged hierophant looks frightened! x2
The saltling is unaffected. x3
The ironbrand convoker looks frightened!
The saltling is unaffected.
The servant of whispers looks frightened!
The saltling is unaffected.
The servant of whispers looks frightened!
The ragged hierophant looks frightened!
The saltling is unaffected.
The ragged hierophant easily resists.
The saltling is unaffected.
The guardian serpent looks frightened!
The saltling barely misses you. You block the saltling's attack. x2
The saltling hits you but does no damage.
The saltling hits you!
You die...

......#...........
...................
................#..
....................
....................
.......∩.∩..........
....................
.....................
........@...##......§
.......888.....§...§§
........8..p........§
.........p8p.p...§§§§
...........8.8p.§.§.
............p§§§§§§
.........p..§§§.§§§
§.#§.........§§§§§§
............§§§§§§§


You could see 4 ragged hierophants, 2 servants of whispers, an ironbrand
convoker (sheltered, fleeing, catching breath) and 7 saltlings.

Vanquished Creatures
  the Lernaean hydra (Swamp:4)
  Saint Roka (Snake:4)
  Agnes (Elf:2)
  The ghost of Sagen the Devastator, an adept DrCj of Vehumet (Snake:1)
  11 nagarajas
  The ghost of Ousak the Spry, an adept OpTm of Ru (Snake:1)
  A thorn hunter (Swamp:1)
  A fire giant (D:15)
  A deep elf sorcerer (Vaults:1)
  An imperial myrmidon (Desolation)
  An orc warlord (Orc:2)
  2 ironheart preservers (Vaults:1)
  A stone giant (Orc:2)
  A halazid warlock (Desolation)
  5 dire elephants (Lair:6)
  A minotaur (Gauntlet)
  A death ooze (Lair:2)
  A deep elf high priest (Elf:1)
  A yaktaur captain (Vaults:1)
  18 hydras
  11 naga warriors
  8 vault guards (D:13)
  A peacekeeper (Desolation)
  A ghost crab (Swamp:4)
  A catoblepas (D:14)
  9 alligators
  3 shambling mangroves
  4 centaur warriors
  18 dancing weapons
  A queen ant (Gauntlet)
  11 anacondas
  6 two-headed ogres
  A tengu warrior (D:14)
  The ghost of Phlounder the Tainter, a journeyman HaVM of Vehumet (Lair:2)
  4 orc high priests (Orc:2)
  6 shock serpents
  11 deep elf knights
  16 naga sharpshooters
  Sonja (Orc:2)
  Urug (Lair:2)
  A salamander mystic (Snake:4)
  9 skeletal warriors (D:14)
  4 sea snakes (Snake:2)
  A spriggan druid (Swamp:4)
  An unseen horror (D:15)
  12 swamp dragons
  2 ironbrand convokers
  2 wizards (Gauntlet)
  Pikel (D:5)
  8 deep elf archers
  3 orc knights (Orc:2)
  5 harpies (Vaults:1)
  8 naga ritualists
  35 deep elf magi
  An orb spider (shapeshifter) (Vaults:1)
  2 manticores
  11 salamanders
  5 cyclopes
  3 ugly things (D:11)
  A faun (shapeshifter) (Vaults:1)
  5 orc sorcerers
  11 mana vipers
  Maurice (D:8)
  8 elephants (Lair:6)
  4 guardian serpents
  Psyche (D:10)
  27 naga magi
  30 black mambas
  The ghost of KittyFluff the Slasher, a novice GnBe of Trog (D:5)
  A vault sentinel (Vaults:1)
  20 spiny frogs
  An efreet (D:14)
  A kobold demonologist (D:15)
  A freezing wraith (D:14)
  3 rime drakes
  A komodo dragon (shapeshifter) (Vaults:1)
  7 komodo dragons
  A queen bee (Lair:4)
  5 trolls
  2 meliai (Lair:4)
  8 tyrant leeches
  13 hornets
  12 saltlings (Desolation)
  4 hippogriffs
  15 slime creatures
  8 bog bodies
  13 blink frogs
  A raiju (Gauntlet)
  A dream sheep (shapeshifter) (Elf:1)
  An air elemental (Elf:1)
  A centaur simulacrum (D:14)
  A shadow (D:13)
  2 water elementals
  8 spriggans
  2 basilisks (Lair:4)
  A wraith (D:13)
  A human (D:10)
  2 wyverns
  An orc simulacrum (Vaults:1)
  41 yaks
  A steam dragon (shapeshifter) (D:15)
  3 steam dragons
  8 hungry ghosts
  17 vampire mosquitoes
  41 nagas
  4 wargs
  6 insubstantial wisps (Swamp:1)
  20 swamp worms
  2 acid dragons (D:13)
  5 soldier ants
  6 water moccasins
  Duvessa (D:5)
  7 porcupines
  50 orc warriors
  2 sky beasts
  12 swamp drakes
  2 slaves (D:5)
  An eye of draining (D:11)
  A hornet zombie (D:15)
  3 phantoms
  3 black bears
  25 ogres
  5 boggarts (D:15)
  12 wolves (Lair:2)
  12 centaurs
  10 crocodiles
  The ghost of Shayle the Grave Robber, an amateur DsNe (D:3)
  2 big kobolds
  18 bullfrogs
  2 wyvern zombies
  3 earth elementals (Elf:1)
  Dowan (D:5)
  8 scorpions
  A water moccasin skeleton (D:4)
  36 killer bees
  6 wights
  5 electric eels
  A howler monkey (D:5)
  7 crimson imps
  4 centaur zombies
  2 bullfrog zombies
  A quasit (D:10)
  5 hounds
  35 orc priests
  3 bullfrog skeletons
  3 centaur skeletons
  6 jellies
  Jessica (D:2)
  6 iguanas
  23 orc wizards
  18 worker ants
  A hound zombie (D:9)
  A hound skeleton (D:4)
  A howler monkey zombie (D:7)
  Robin (D:2)
  3 worker ant zombies
  6 gnolls
  3 howler monkey skeletons
  20 adders
  8 river rats (D:5)
  8 shadow imps
  4 oozes
  2 adder skeletons
  2 adder zombies
  3 worms
  A dart slug (D:2)
  7 leopard geckos
  131 orcs
  11 giant cockroaches
  18 goblins
  13 hobgoblins
  7 jackals
  8 quokkas
  11 bats
  3 frilled lizards
  A jackal skeleton (D:8)
  7 kobolds
  A leopard gecko zombie (D:5)
  2 quokka skeletons
  20 rats
  3 briar patches (Swamp:1)
  2 fungi (Lair:6)
  9 plants
1324 creatures vanquished.

Vanquished Creatures (collateral kills)
  An orc sorcerer (Snake:4)
  A meliai (Lair:4)
  An orc warrior (Snake:4)
  2 killer bees (Lair:4)
5 creatures vanquished.

Vanquished Creatures (others)
  A deep elf knight (Elf:2)
  20 ball lightnings (Elf:2)
  A naga mage (Snake:3)
  A guardian serpent (Desolation)
  A soldier ant (Gauntlet)
  A killer bee (Lair:4)
  An electric eel (D:14)
  4 briar patches (Swamp:1)
  48 fulminant prisms
  4 fungi
  12 plants
  2 withered plants (Snake:1)
96 creatures vanquished.

Grand Total: 1425 creatures vanquished

Notes
Turn   | Place    | Note
-------+----------+-------------------------------------------
     0 | D:1      | Helmschank the Draconian Conjurer began the quest for the
                  | Orb.
     0 | D:1      | Reached XP level 1. HP: 14/14 MP: 3/3
   245 | D:1      | Reached skill level 1 in Fighting
   882 | D:2      | Reached XP level 2. HP: 23/23 MP: 3/5
  1022 | D:2      | Reached skill level 1 in Shields
  1118 | D:2      | Learned a level 2 spell: Searing Ray
  1243 | D:2      | Reached XP level 3. HP: 29/29 MP: 0/6
  1307 | D:2      | Noticed Robin
  1506 | D:2      | Killed Robin
  1506 | D:2      | Reached skill level 1 in Throwing
  1823 | D:2      | Found a bloodstained altar of Trog.
  1856 | D:2      | Reached XP level 4. HP: 36/36 MP: 1/7
  2032 | D:2      | Noticed Jessica
  2039 | D:2      | Killed Jessica
  2485 | D:2      | Reached skill level 5 in Conjurations
  2505 | D:2      | Found a glowing golden altar of the Shining One.
  2797 | D:2      | Reached XP level 5. HP: 39/42 MP: 1/8
  3177 | D:3      | Reached skill level 1 in Polearms
  3939 | D:3      | Found a runed translucent gate.
  3939 | D:3      | Noticed Shayle's ghost (amateur DsNe)
  3940 | D:3      | Found a runed translucent gate.
  3941 | D:3      | Found a runed translucent gate.
  4037 | D:3      | Killed Shayle's ghost
  4037 | D:3      | Reached XP level 6. HP: 33/51 MP: 0/9
  4401 | D:4      | Found a shimmering altar of Xom.
  4404 | D:4      | Found a blossoming altar of Fedhas.
  4443 | D:4      | Found a basalt altar of Yredelemnul.
  4523 | D:4      | Found a staircase to the Ecumenical Temple.
  4596 | Temple   | Entered the Ecumenical Temple
  4864 | Temple   | Became a worshipper of Vehumet
  4870 | Temple   | Learned a level 4 spell: Fulminant Prism
  4981 | D:4      | Your scales start taking on a glossy black colour.
  4981 | D:4      | Reached XP level 7. HP: 44/57 MP: 5/10
  4981 | D:4      | Gained mutation: You are resistant to electric shocks.
                  | (rElec) [Black Draconian growth]
  4987 | D:4      | Reached skill level 1 in Hexes
  5558 | D:5      | Entered Level 5 of the Dungeon
  5574 | D:5      | Noticed Duvessa
  5577 | D:5      | Noticed Dowan
  5587 | D:5      | Killed Duvessa
  5843 | D:5      | Killed Dowan
  5966 | D:5      | Reached * piety under Vehumet
  5966 | D:5      | Offered knowledge of Freeze by Vehumet.
  6086 | D:5      | Learned a level 1 spell: Freeze
  6662 | D:5      | Found a burning altar of Makhleb.
  6689 | D:5      | Reached skill level 1 in Ice Magic
  6798 | D:5      | Reached XP level 8. HP: 66/66 MP: 11/11
  6871 | D:5      | Offered knowledge of Shock by Vehumet.
  6883 | D:5      | Reached ** piety under Vehumet
  6916 | D:5      | Learned a level 1 spell: Shock
  7063 | D:5      | Noticed Pikel
  7088 | D:5      | Killed Pikel
  7511 | D:5      | Found a runed translucent gate.
  7511 | D:5      | Found a runed translucent gate.
  7513 | D:5      | Found a runed translucent gate.
  7514 | D:5      | Noticed KittyFluff's ghost (novice GnBe)
  7647 | D:6      | Reached skill level 5 in Fighting
  7647 | D:6      | Reached XP level 9. HP: 74/74 MP: 5/13
  7736 | D:6      | Reached skill level 1 in Air Magic
  7789 | D:6      | Offered knowledge of Conjure Flame by Vehumet.
  7832 | D:6      | Learned a level 3 spell: Conjure Flame
  7905 | D:6      | Found an opulent altar of Gozag.
  7933 | D:6      | Reached skill level 1 in Fire Magic
  8225 | D:6      | Found a glowing golden altar of the Shining One.
  8648 | D:7      | Reached *** piety under Vehumet
  8746 | D:7      | Found a runed translucent door.
  8747 | D:7      | Found a runed translucent door.
  8792 | D:7      | Offered knowledge of Mephitic Cloud by Vehumet.
  9020 | D:7      | Reached skill level 5 in Maces & Flails
  9653 | D:8      | Noticed Maurice
  9732 | D:8      | Reached XP level 10. HP: 73/81 MP: 16/16
 10127 | D:8      | Reached **** piety under Vehumet
 10309 | D:8      | Killed Maurice
 10349 | D:8      | Found a staircase to the Lair.
 10867 | Lair:1   | Entered Level 1 of the Lair of Beasts
 10877 | Lair:1   | Noticed a spiny frog
 10888 | Lair:1   | Killed a spiny frog
 10893 | Lair:1   | Got a slimy lead ring
 10893 | Lair:1   | Noticed a spiny frog
 10938 | Lair:1   | Killed a spiny frog
 10938 | Lair:1   | Reached skill level 5 in Dodging
 11039 | Lair:1   | Reached skill level 5 in Shields
 11056 | Lair:1   | Noticed a spiny frog
 11068 | Lair:1   | Killed a spiny frog
 11789 | Lair:1   | Identified the ring of Kophu {+Inv rC+ Str+4 Dex+2 Slay-2}
                  | (You found it on level 1 of the Lair of Beasts)
 11959 | Lair:2   | Reached XP level 11. HP: 79/89 MP: 13/17
 12018 | Lair:2   | Learned a level 3 spell: Mephitic Cloud
 12031 | Lair:2   | Offered knowledge of Yara's Violent Unravelling by Vehumet.
 12034 | Lair:2   | Learned a level 1 spell: Animate Skeleton
 12110 | Lair:2   | Reached skill level 5 in Air Magic
 12165 | Lair:2   | Reached skill level 1 in Poison Magic
 12201 | Lair:2   | Noticed Urug
 12203 | Lair:2   | Reached skill level 1 in Evocations
 12230 | Lair:2   | Killed Urug
 12453 | Lair:2   | Found a runed translucent gate.
 12453 | Lair:2   | Found a runed translucent gate.
 12453 | Lair:2   | Found a runed translucent gate.
 12453 | Lair:2   | Noticed a death ooze
 12454 | Lair:2   | Noticed Phlounder's ghost (journeyman HaVM)
 12458 | Lair:2   | Found a viscous altar of Jiyva.
 12467 | Lair:2   | Noticed a seven-headed hydra
 12475 | Lair:2   | Killed a seven-headed hydra
 12792 | Lair:2   | Found a staircase to the Snake Pit.
 12833 | Lair:2   | Reached skill level 10 in Maces & Flails
 13171 | Lair:2   | Noticed an eight-headed hydra
 13364 | Lair:2   | Killed an eight-headed hydra
 14069 | Lair:3   | Reached ***** piety under Vehumet
 14091 | Lair:3   | Reached XP level 12. HP: 100/100 MP: 14/18
 14168 | Lair:3   | Learned a level 4 spell: Iskenderun's Mystic Blast
 14243 | Lair:3   | Offered knowledge of Bolt of Magma by Vehumet.
 15647 | Lair:4   | Found a staircase to the Swamp.
 15856 | Lair:5   | Reached skill level 10 in Conjurations
 15916 | Lair:5   | Reached skill level 5 in Spellcasting
 16087 | Lair:5   | Offered knowledge of Lee's Rapid Deconstruction by Vehumet.
 16637 | Lair:5   | Found a viscous altar of Jiyva.
 16637 | Lair:5   | Found a staircase to the Slime Pits.
 16823 | Lair:6   | Entered Level 6 of the Lair of Beasts
 17267 | Lair:6   | Reached XP level 13. HP: 105/105 MP: 8/20
 17608 | Lair:6   | Got a slimy bardiche
 18265 | Lair:6   | Noticed a dire elephant
 18265 | Lair:6   | Noticed a dire elephant
 18266 | Lair:6   | Found the +8 mithril axe "Arga" {speed, MR+}
 18426 | Lair:6   | Noticed a dire elephant
 18439 | Lair:6   | Noticed a dire elephant
 18454 | Lair:6   | Noticed a dire elephant
 18461 | Lair:6   | Killed a dire elephant
 18642 | Lair:6   | Killed a dire elephant
 18677 | Lair:6   | Killed a dire elephant
 18855 | Lair:6   | Killed a dire elephant
 18860 | Lair:6   | Killed a dire elephant
 19132 | D:9      | Identified the +8 bardiche "Yzxunui" {holy, Int+5} (You
                  | found it on level 6 of the Lair of Beasts)
 19722 | D:9      | Found a hide-covered altar of Uskayaw.
 19731 | D:9      | Offered knowledge of Irradiate by Vehumet.
 19828 | D:9      | Found a shimmering blue altar of Sif Muna.
 19856 | D:9      | Identified Sif Muna's Incunabulum of Contamination
 20039 | D:10     | Entered Level 10 of the Dungeon
 20097 | D:10     | Found a staircase to the Orcish Mines.
 20473 | D:10     | Learned a level 5 spell: Irradiate
 20700 | D:10     | Noticed Psyche
 20705 | D:10     | Killed Psyche
 20955 | D:11     | Found Bocvuwk's Armour Emporium.
 20997 | D:11     | Reached skill level 1 in Transmutations
 21148 | D:11     | Found Furrituz's Antique Armour Boutique.
 21165 | D:11     | Bought a pair of glowing gloves for 202 gold pieces
 21237 | D:11     | Found Doecaofo's Distillery.
 21248 | D:11     | Bought a potion of lignification for 48 gold pieces
 21248 | D:11     | Bought a potion of haste for 160 gold pieces
 21248 | D:11     | Bought a potion of haste for 160 gold pieces
 21248 | D:11     | Bought a potion of curing for 48 gold pieces
 21248 | D:11     | Bought a potion of curing for 48 gold pieces
 21248 | D:11     | Bought a potion of curing for 48 gold pieces
 21248 | D:11     | Bought a potion of stabbing for 64 gold pieces
 21248 | D:11     | Bought 2 potions of curing for 96 gold pieces
 21623 | D:11     | Found Zerozxuoc's Antique Armour Shop.
 21631 | D:11     | Bought a pair of smouldering gloves for 218 gold pieces
 21641 | D:11     | Identified the +4 pair of gloves of Sun Yruofod {Str+5}
                  | (You bought it in a shop on level 11 of the Dungeon)
 22276 | Orc:1    | Entered Level 1 of the Orcish Mines
 22284 | Orc:1    | Offered knowledge of Orb of Destruction by Vehumet.
 22467 | Orc:2    | Entered Level 2 of the Orcish Mines
 22474 | Orc:2    | Reached skill level 1 in Axes
 23144 | Orc:2    | Found Ycleulas's Jewellery Shop.
 23279 | Orc:2    | Found Edautaes's Assorted Antiques.
 23289 | Orc:2    | Offered knowledge of Iron Shot by Vehumet.
 23296 | Orc:2    | Gained mutation: Your large and strong wings let you fly
                  | indefinitely. [Black Draconian growth]
 23296 | Orc:2    | Reached XP level 14. HP: 108/115 MP: 19/23
 23302 | Orc:2    | Bought a pair of encrusted boots for 237 gold pieces
 23302 | Orc:2    | Bought a scroll of identify for 50 gold pieces
 23302 | Orc:2    | Bought a knobbly marble ring for 125 gold pieces
 23302 | Orc:2    | Bought a bone ring for 125 gold pieces
 23331 | Orc:2    | Identified the +0 pair of boots "Udghahygh" {*Slow rPois
                  | rCorr Int+5} (You bought it in a shop on level 2 of the
                  | Orcish Mines)
 23347 | Orc:2    | Found a roughly hewn altar of Beogh.
 23746 | Orc:2    | Noticed a stone giant
 23768 | Orc:2    | Killed a stone giant
 23777 | Orc:2    | Learned a level 6 spell: Iron Shot
 24044 | Orc:2    | Reached skill level 1 in Earth Magic
 24222 | Orc:2    | Found a staircase to the Elven Halls.
 24294 | Orc:2    | Reached skill level 5 in Axes
 24364 | Orc:2    | Noticed Sonja
 24379 | Orc:2    | Killed Sonja
 24439 | Orc:2    | Noticed an orc warlord
 24459 | Orc:2    | Killed an orc warlord
 24657 | Orc:2    | Found a roughly hewn altar of Beogh.
 24670 | Orc:2    | Found Jerotiosh's Jewellery Boutique.
 24673 | Orc:2    | Offered knowledge of Fireball by Vehumet.
 24731 | Orc:2    | Bought a cursed amulet of inaccuracy for 24 gold pieces
 24731 | Orc:2    | Bought a cursed ring of teleportation for 54 gold pieces
 24733 | Orc:2    | Identified a scroll of acquirement
 24990 | Orc:2    | Found Ikierat's Distillery.
 25038 | Orc:2    | Bought a potion of heal wounds for 55 gold pieces
 25065 | Orc:2    | Bought a cursed -4 ring of slaying for 24 gold pieces
 25330 | D:12     | Found a gate leading to a gauntlet.
 25345 | Gauntlet | Entered a Gauntlet
 25345 | Gauntlet | Found a transporter.
 25353 | Gauntlet | Found a transporter.
 25355 | Gauntlet | Found a transporter.
 25363 | Gauntlet | Found a transporter.
 25365 | Gauntlet | Found a transporter.
 25376 | Gauntlet | Found a transporter.
 25391 | Gauntlet | Noticed a cacodemon
 25392 | Gauntlet | Found a transporter.
 25397 | Gauntlet | Found a transporter.
 25414 | Gauntlet | Found a transporter.
 25422 | Gauntlet | Found a transporter.
 25439 | Gauntlet | Found a transporter.
 25439 | Gauntlet | Found a transporter.
 25467 | Gauntlet | Found a transporter.
 25471 | Gauntlet | Found a transporter.
 25687 | Gauntlet | Got a pair of spiked gloves
 25698 | Gauntlet | Identified the +2 pair of gloves of the Wasteland {-Cast
                  | rPois Str+3 Int+7} (You found it in a Gauntlet)
 25752 | Gauntlet | Identified the +4 kite shield of the Monk {Int+3}
 25866 | Gauntlet | Identified the Compendium of Conjuration and Feathers
 25867 | Gauntlet | Found the +1 cloak of Starlight {rElec rC+ EV+4 Stlth--}
 25884 | Gauntlet | Identified Ofihopn's Reference Book on the Snowflakes and
                  | Beguiling
 25970 | D:12     | You are sucked into a shaft and drop 2 floors!
 26285 | D:13     | Found a gate to the Vaults.
 26293 | D:13     | Reached skill level 5 in Throwing
 26683 | D:13     | Offered knowledge of Starburst by Vehumet.
 26692 | D:13     | Learned a level 6 spell: Starburst
 26923 | D:14     | Reached XP level 15. HP: 65/124 MP: 25/25
 27046 | D:14     | Reached skill level 5 in Fire Magic
 27840 | D:15     | Entered Level 15 of the Dungeon
 28104 | D:15     | Found a staircase to the Depths.
 28104 | D:15     | Noticed a fire giant
 28113 | D:15     | Killed a fire giant
 28582 | D:15     | Found a shadowy altar of Dithmenos.
 29169 | Swamp:1  | Entered Level 1 of the Swamp
 29427 | Swamp:1  | Reached skill level 10 in Fighting
 29668 | Swamp:1  | Reached ****** piety under Vehumet
 29906 | Swamp:1  | Noticed a thorn hunter
 29929 | Swamp:1  | Killed a thorn hunter
 30650 | Swamp:2  | Noticed dornbeast's ghost (journeyman GrWn)
 30818 | Swamp:2  | Found a transporter.
 30892 | Swamp:2  | Offered knowledge of Lehudib's Crystal Spear by Vehumet.
 30892 | Swamp:2  | Offered knowledge of Fire Storm by Vehumet.
 30892 | Swamp:2  | Offered knowledge of Ignition by Vehumet.
 31103 | Swamp:2  | Reached skill level 10 in Shields
 31250 | Swamp:2  | Found a transporter.
 31730 | Swamp:3  | Reached XP level 16. HP: 134/134 MP: 17/26
 32447 | Swamp:4  | Entered Level 4 of the Swamp
 32449 | Swamp:4  | Found the +7 Kryia's mail coat {PotionHeal*2 rC+}
 33061 | Swamp:4  | Gained mutation: You are frail. (-10% HP) [mutagenic glow]
 33066 | Swamp:4  | Reached skill level 10 in Axes
 33939 | Swamp:4  | Noticed the 27-headed Lernaean hydra
 34117 | Swamp:4  | Learned a level 5 spell: Bolt of Magma
 34401 | Swamp:4  | Got a decaying rune of Zot
 34607 | Swamp:4  | Killed the 26-headed Lernaean hydra
 34940 | Snake:1  | Entered Level 1 of the Snake Pit
 35590 | Snake:1  | Found a runed translucent gate.
 35590 | Snake:1  | Found a runed translucent gate.
 35590 | Snake:1  | Found a runed translucent gate.
 35591 | Snake:1  | Noticed Sagen's ghost (adept DrCj)
 35592 | Snake:1  | Noticed Ousak's ghost (adept OpTm)
 36272 | Snake:2  | Reached XP level 17. HP: 100/126 MP: 29/29
 38142 | Snake:3  | Found Siewnivu's Distillery.
 38150 | Snake:3  | Bought a potion of haste for 140 gold pieces
 39086 | Snake:4  | Entered Level 4 of the Snake Pit
 39118 | Snake:4  | Noticed Saint Roka
 39172 | Snake:4  | Killed Saint Roka
 39645 | Snake:4  | Reached skill level 5 in Transmutations
 40691 | Snake:4  | Reached XP level 18. HP: 112/132 MP: 14/31
 42008 | Snake:4  | Got a serpentine rune of Zot
 42109 | Snake:4  | Reached skill level 10 in Spellcasting
 42379 | Snake:4  | Found Causimm's Jewellery Shop.
 42663 | Snake:1  | Killed Ousak's ghost
 42690 | Snake:1  | Killed Sagen's ghost
 42959 | D:5      | Killed KittyFluff's ghost
 43161 | Lair:2   | Killed Phlounder's ghost
 43392 | Elf:1    | Entered Level 1 of the Elven Halls
 44244 | Elf:1    | Reached skill level 10 in Dodging
 44741 | Elf:2    | Learned a level 6 spell: Conjure Ball Lightning
 45174 | Elf:2    | Found a runed translucent gate.
 45174 | Elf:2    | Found a runed translucent gate.
 45174 | Elf:2    | Found a runed translucent gate.
 45266 | Elf:2    | Found the +7 great mace "Undeadhunter" {disrupt, rN+}
 45398 | Elf:2    | Noticed Agnes
 45409 | Elf:2    | Killed Agnes
 47206 | Vaults:1 | Entered Level 1 of the Vaults
 47237 | Vaults:1 | Reached XP level 19. HP: 112/141 MP: 33/33
 47263 | Vaults:1 | Found Qor Kiu's Magic Scroll Shop.
 47273 | Vaults:1 | Bought a scroll of blinking for 165 gold pieces
 47655 | Vaults:1 | Found a ruined gateway.
 47689 | Desolati | Entered the Desolation of Salt
 47722 | Desolati | HP: 7/141 [ragged hierophant/a resonance strike[a halazid
                  | warlock] (18)]
 47741 | Desolati | HP: 5/141 [ragged hierophant/a resonance strike (12)]
 47742 | Desolati | Slain by a saltling

Illustrated notes

Levels and vault maps discovered:
D:1:      lightli_arrival_lavapool, layout_loops_ring, minivault_25,
          chequers_mini_garden
D:2:      layout_loops_ring, marbit_many_paths, overflow_temple_1_default,
          hangedman_decor_diamond_cutter, hangedman_glass_teeth,
          kennysheep_generic_room_4, uniq_robin, uniq_jessica
D:3:      layout_basic, first_ration, gammafunk_ghost_split,
          chequers_serial_rivers_small_3
D:4:      layout_basic, minitemple, minmay_temple_entry_wispy,
          yredelemnul_altar_generic
D:5:      lemuel_ratsnest, layout_basic, basic_altar, gammafunk_ghost_split,
          minmay_misc_feat_columns, uniq_pikel, uniq_duvessa
D:6:      layout_basic, kennysheep_mini_moat, nicolae_tso_carved_into_rock
D:7:      lemuel_insect_pit, layout_basic, nicolae_underground_beach
D:8:      layout_layer_cave, david_lair_shrubbed, uniq_maurice
D:9:      layout_rooms, led_sif_book, lemuel_round_altar
D:10:     layout_rooms, erik_orc_4, uniq_psyche
D:11:     layout_irregular_city, serial_shops, nicolae_shop_trees, shop, shop,
          nicolae_shop_waterfront
D:12:     layout_grid_maze, gauntlet_entry_generic
D:13:     layout_roguey, erik_vaults_2, the_bakery
D:14:     layout_rooms, minmay_crystal_water, minivault_20
D:15:     grunt_enter_depths_giant_problem, layout_irregular_city,
          chequers_serial_rivers_micro_b, nicolae_dithmenos_shadow_blocks
Temple:   eino_temple_water
Lair:1:   layout_hall_layers, grunt_megastairs_2
Lair:2:   layout_chaotic_city, minmay_snake_entry_guardpost_large,
          gammafunk_ghost_ooze, lemuel_fruit_tree, infiniplex_staircase_pool_2,
          grunt_megastairs_3, uniq_urug
Lair:3:   layout_chaotic_city, st_stairs_6, beast_lair_carwin_4,
          grunt_megastairs_5
Lair:4:   layout_roguey, minmay_swamp_entry_worms, special_room
          [special_room_bee]
Lair:5:   layout_cave_pods, dpeg_slime_entry_enclosed_altar,
          chequers_serial_rivers_small_a, serial_bayou_lagoon_b,
          lemuel_fruit_fields
Lair:6:   due_jungle_book, layout_regular_city
Swamp:1:  layout_basic_swamp, evilmike_swamp_ruin_house_2, swamp_pool1,
          nicolae_swamp_triple_paths
Swamp:2:  layout_basic_swamp, gammafunk_ghost_arena, hangedman_swamp_ruin_wall
Swamp:3:  layout_basic_swamp, hangedman_swamp_blocks, swamp_pool1,
          st_swamp_ruins_2
Swamp:4:  swamp_old_school, layout_basic_swamp
Snake:1:  layout_honeycomb, gammafunk_ghost_cemetery
Snake:2:  layout_basic, grunt_megastairs_1, serial_bayou_shore_a
Snake:3:  layout_cave_town, serial_shops, shop_statue
Snake:4:  snake_pit, layout_cave_town, serial_shops, shop,
          nicolae_snake_double_loop, st_stairs_14, uniq_saint_roka
Orc:1:    layout_diamond_mine, mines_bat_river
Orc:2:    pubby_orc_utopia, uniq_sonja
Elf:1:    layout_geoelf_octagon, kennysheep_underground_church
Elf:2:    layout_rooms, uniq_agnes
Vaults:1: v_alt_pattern_6, ontoclasm_vaults_ligature,
          ontoclasm_vaults_misaligned, grunt_vaults_twisty,
          ontoclasm_vaults_loading_screen, nicolae_vaults_sealed_display,
          grunt_vaults_focal, hangedman_vaults_locks, vaults_room_glass_cross,
          v_misc_17, layout_vaults_omnicross, serial_shops, shop,
          portal_desolation_entry_nicolae_slug
Desolation

Skill      XL: |  1  2  3  4  5  6  7  8  9 10 11 12 13 14 15 16 17 18 19 |
---------------+----------------------------------------------------------+-----
Fighting       | 1 2 3 4 5 6 7 8 9 10 11 | 11.0
Shields        | 1 2 3 4 5 6 7 8 10 11 12 13 | 13.0
Dodging        | 2 3 4 5 6 7 8 9 10 | 10.0
Throwing       | 1 2 3 4 5 |  5.0
Conjurations   | 5 6 7 8 9 10 11 12 13 14 | 14.5
Polearms       | 1 2 3 |  3.0
Hexes          | 1 2 3 4 |  4.0
Ice Magic      | 1 2 3 4 |  4.0
Spellcasting   | 3 4 5 6 7 8 9 10 | 10.0
Maces & Flails | 3 6 8 10 11 12 | 12.0
Air Magic      | 4 6 9 |  9.0
Fire Magic     | 2 3 4 6 8 |  8.0
Poison Magic   | 2 4 |  4.0
Evocations     | 2 |  2.0
Transmutations | 4 6 |  6.0
Axes           | 3 6 9 12 14 | 14.4
Earth Magic    | 2 |  2.0
Stealth        | 3 |  3.3

Action                   |  1- 3 |  4- 6 |  7- 9 | 10-12 | 13-15 | 16-18 | 19-21 || total
-------------------------+-------+-------+-------+-------+-------+-------+-------++-------
Melee: Dagger            |    40 |     6 |       |       |       |       |       ||    46
       Tailslap          |     7 |     9 |    21 |    49 |   139 |   105 |     4 ||   334
       Trident           |       |   101 |   105 |       |       |       |       ||   206
       Whip              |       |       |   105 |   377 |   143 |       |       ||   625
       Mace              |       |       |       |     8 |       |       |       ||     8
       Broad axe         |       |       |       |       |   779 |   835 |    41 ||  1655
       Staff             |       |       |       |       |   108 |    11 |     1 ||   120
       Hand axe          |       |       |       |       |    24 |    10 |       ||    34
Throw: Boomerang         |       |    30 |    80 |   102 |   152 |   127 |     1 ||   492
       Dart              |       |       |     9 |     3 |    24 |     6 |       ||    42
 Cast: Magic Dart        |    58 |    74 |    50 |       |       |       |       ||   182
       Searing Ray       |     1 |    17 |    42 |    47 |    77 |    30 |       ||   214
       Shock             |       |       |    62 |   191 |   274 |    70 |       ||   597
       Freeze            |       |       |    14 |    35 |       |       |       ||    49
       Fulminant Prism   |       |       |       |    24 |    15 |     9 |       ||    48
       Conjure Flame     |       |       |       |    20 |     9 |       |       ||    29
       Animate Skeleton  |       |       |       |     1 |       |       |       ||     1
       Mephitic Cloud    |       |       |       |    17 |    44 |     1 |       ||    62
       Iskenderun's Myst |       |       |       |     2 |     6 |       |       ||     8
       Irradiate         |       |       |       |       |    80 |    94 |    12 ||   186
       Iron Shot         |       |       |       |       |     8 |       |       ||     8
       Starburst         |       |       |       |       |    13 |    24 |     4 ||    41
       Bolt of Magma     |       |       |       |       |       |   191 |     6 ||   197
       Conjure Ball Ligh |       |       |       |       |       |    10 |       ||    10
 Abil: Breathe Lightning |       |       |       |    18 |     7 |     1 |       ||    26
Evoke: Wand              |       |       |       |    13 |     7 |     5 |       ||    25
       Staff of energy   |       |       |       |       |     2 |       |       ||     2
  Use: Scroll            |       |       |    10 |     6 |    25 |    10 |     3 ||    54
       Potion            |       |       |       |       |       |     8 |     7 ||    15
 Stab: Sleeping          |       |     1 |     2 |       |       |       |       ||     3
       Paralysed         |       |       |       |     3 |       |       |       ||     3
       Confused          |       |       |       |    13 |    14 |       |       ||    27
  Eat: Chunk             |     4 |    12 |    12 |    22 |    49 |    20 |     1 ||   120
       Ration            |       |       |     2 |     4 |     3 |    11 |       ||    20
Armor: Skin              |     9 |    29 |    55 |   118 |   249 |   291 |    19 ||   770
Dodge: Dodged            |    27 |    74 |   126 |   217 |   722 |   803 |    39 ||  2008
       Repelled          |       |       |       |       |     2 |       |       ||     2
Block: Buckler           |    12 |    33 |    81 |   114 |   414 |   414 |       ||  1068
       Kite shield       |       |       |       |       |       |    59 |    58 ||   117
